 Dungeon Crawl Stone Soup version 0.18-a0-1157-g59db91b (webtiles) character file.

30 st0uf the Insei (level 3, -1/31 HPs)
             Began as a Naga Transmuter on Jan 23, 2016.
             Slain by a giant newt (2 damage)
             ... on level 1 of the Dungeon.
             The game lasted 00:05:12 (803 turns).

st0uf the Insei (Naga Transmuter)                    Turns: 803, Time: 00:05:12

Health: -1/31      AC:  2    Str: 12    XL:     3   Next: 20%
Magic:  5/6        EV: 10    Int: 13    God:
Gold:   20         SH:  0    Dex: 12    Spells: 1 memorised, 5 levels left

rFire  . . .     SeeInvis +       - Unarmed
rCold  . . .     Gourm    .     b - +0 robe
rNeg   . . .     Faith    .     (no shield)
rPois  +         Spirit   .     (no helmet)
rElec  .         Dismiss  .     (no cloak)
rCorr  .         Reflect  .     (no gloves)
SustAt +         Harm     .     (no barding)
MR     .....                    (no amulet)
Stlth  +.........               (no ring)
                                i - ring of sustain attributes

@: appendage (expiring), very slow, not resistant to hostile enchantments, very
unstealthy
A: horns 2, see invisible, deformed body, poison resistance, slowness 2, slow
metabolism 1, spit poison 2, AC +1
a: Spit Poison, End Transformation


You were on level 1 of the Dungeon.
You were hungry.
You had grown temporary horns.
You visited 1 branch of the dungeon, and saw 2 of its levels.

You collected 20 gold pieces.

Inventory:

Missiles
 a - 57 arrows
Armour
 b - a +0 robe (worn)
Jewellery
 i - a ring of sustain attributes (left hand)
Potions
 e - a potion of heal wounds {unknown}
 f - a potion of magic {unknown}
 h - a potion of invisibility {unknown}
Books
 c - a book of Changes

   Spells                             Type                      Level
   a - Beastly Appendage              Transmutation                1
   b - Sticks to Snakes               Transmutation                2
   c - Spider Form                    Transmutation/Poison         3
   d - Ice Form                       Ice/Transmutation            4
   e - Blade Hands                    Transmutation                5
Comestibles
 d - a bread ration
 g - a chunk of flesh


   Skills:
 + Level 1.0 Fighting
 + Level 1.9 Dodging
 + Level 3.5 Unarmed Combat
 + Level 2.3 Spellcasting
 + Level 2.2 Transmutations


You had 5 spell levels left.
You knew the following spells:

 Your Spells              Type           Power        Failure   Level  Hunger
a - Beastly Appendage     Trmt           #.....       12%         1    #......


Dungeon Overview and Level Annotations

Branches:
Dungeon (2/15)

Altars:


Innate Abilities, Weirdness & Mutations

You cannot wear boots.
Your serpentine skin is tough (AC +1).
You have supernaturally acute eyesight.
Armour fits poorly on your strangely shaped body.
Your system is resistant to poisons.
You cover ground very slowly.
You have a slow metabolism.
You can spit poison.
You have a pair of horns on your head.


Message History

You kill the goblin!
You feel slightly more hungry.
The giant newt bites you but does no damage.
You closely miss the giant newt. The giant newt closely misses you.
You barely miss the giant newt. The giant newt bites you.
* * * LOW HITPOINT WARNING * * *
Casting: Beastly Appendage
Confirm with . or Enter, or press ? or * to list all spells.
You grow a pair of large bovine horns.
The giant newt barely misses you.
You hit the giant newt.
You headbutt the giant newt, but do no damage.
The giant newt is heavily wounded.
The giant newt bites you.
* * * LOW HITPOINT WARNING * * *
You miss the giant newt.
The giant newt is heavily wounded.
Your transformation is almost over.
You have got your breath back.
The giant newt bites you.
You die...

# #.# #.##.# ##.......#≈≈.......
####.###.##.###........#≈≈..≈≈≈..
##...........)........##≈≈.≈≈≈≈..
##.#####..#.##........##≈..≈≈≈<≈.
##.# #..#(...........#≈.≈≈.≈≈≈.
##.# #..####........##....≈≈≈≈≈
##.# #..# ##....)..##.≈≈≈≈≈≈≈≈
##.#####..# #.l).....#.≈≈.≈≈≈.≈
..........# #.@......#.≈≈≈.≈..≈
#(######..#########..###...≈.≈.≈≈
#.##..........# #).# #..≈.≈.≈≈.
#.##.###..###.# #..# #...≈...≈.
#.##.###..###.# #..# #.........
#.##.#.#.#.#.######..###........#
#.#...........#........#...#.....
#.##.#.#.#.#.##.###..###..##.....
#.#..................# #......##.


You could see a giant newt.

Vanquished Creatures
  2 giant cockroaches (D:1)
  6 hobgoblins (D:1)
  A jackal (D:1)
  3 bats (D:1)
  2 goblins (D:1)
  9 kobolds (D:1)
  5 rats (D:1)
28 creatures vanquished.

Notes
Turn   | Place    | Note
--------------------------------------------------------------
     0 | D:1      | st0uf the Naga Transmuter began the quest for the Orb.
     0 | D:1      | Reached XP level 1. HP: 18/18 MP: 3/3
   118 | D:1      | Reached XP level 2. HP: 9/25 MP: 3/5
   584 | D:1      | Reached XP level 3. HP: 26/31 MP: 6/6
   800 | D:1      | HP: 1/31 [giant newt (2)]
   803 | D:1      | Slain by a giant newt

Vault maps used:
D:1:      dpeg_arrival_more_subterranean_lakeside_camping, minmay_crystal_room,
          st_stairs_10
D:2:      overflow_temple_1_default

Action                   || total
-------------------------++-------
Melee: Unarmed           ||    60
 Cast: Beastly Appendage ||     8
 Abil: Spit Poison       ||    21
